 Dungeon Crawl Stone Soup version 0.14-a0-1444-g21dc12d (webtiles) character file.

1726 M4edhros the Covert (level 8, -1/52 HPs)
             Began as an Octopode Monk on Dec 12, 2013.
             Was a Believer of Zin.
             Slain by a killer bee (10 damage)
             ... on Level 7 of the Dungeon.
             The game lasted 00:15:11 (6505 turns).

M4edhros the Covert (Octopode Monk)                 Turns: 6505, Time: 00:15:11

HP  -1/52        AC  5     Str 11      XL: 8   Next: 92%
MP  13/13        EV 16     Int 16      God: Zin [**....]
Gold 138         SH  0     Dex 15      Spells:  0 memorised,  7 levels left

rFire  . . .     SeeInvis .     j - +1,+4 orc halberd
rCold  . . .     Clarity  .     (no shield)
rNeg   . . .     Conserve .     (helmet restricted)
rPois  +         rCorr    .     (no amulet)
rElec  .         rRot     .     k - +4 ring of protection
SustAb . .       Spirit   .     (no ring)
rMut   .         Warding  .     (no ring)
Saprov . . .     Stasis   .     (no ring)
                                (no ring)
                                (no ring)
                                (no ring)
                                (no ring)

@: vitalised, slightly resistant to hostile enchantments, extremely stealthy
A: almost no armour, amphibious, 8 rings, constrict 8, camouflage 1, gelatinous
body 1
a: Recite, Vitalisation, Renounce Religion


You were on level 7 of the Dungeon.
You worshipped Zin.
Zin was pleased with you.
You were not hungry.

You visited 2 branches of the dungeon, and saw 8 of its levels.

You collected 153 gold pieces.
You donated 15 gold pieces.

Inventory:

Hand weapons
 a - a cursed +0 blowgun
 j - a +1,+4 orcish halberd (weapon)
 r - a +2,+0 trident of piercing
Missiles
 i - 9 poisoned needles
Magical devices
 c - a wand of digging (9)
Comestibles
 g - a chunk of quokka flesh
 u - a bread ration
Scrolls
 b - a scroll of enchant armour {unknown}
 d - 2 scrolls of identify
 f - a scroll of remove curse
 h - a scroll of amnesia
 n - a scroll of noise
 o - a scroll of magic mapping
Jewellery
 k - a +4 ring of protection (left tentacle)


   Skills:
 - Level 3.0 Fighting
 * Level 3.5 Polearms
 + Level 6.3 Dodging
 + Level 9.1 Stealth
 - Level 6.1 Unarmed Combat
 + Level 3.8 Invocations


You had 7 spell levels left.
You didn't know any spells.

Dungeon Overview and Level Annotations

Branches:
Dungeon (7/16)             Temple (1/1) D:4

Altars:
Ashenzari
Cheibriados
Elyvilon
Fedhas
Kikubaaqudgha
Makhleb
Nemelex Xobeh
Okawaru
Sif Muna
Trog
Vehumet
Xom
Yredelemnul
Zin
the Shining One

Shops:
D:5 *   D:6 (=[


Innate Abilities, Weirdness & Mutations

You cannot wear most types of armour.
You are amphibious.
You can wear up to eight rings at the same time.
You can use your tentacles to constrict many enemies at once.
Your skin changes colour to match your surroundings (Stlth).
Your rubbery body absorbs attacks (AC +1).


Message History

Your squeeze misses the killer bee. You constrict the killer bee.
The killer bee barely misses you.
The killer bee stings you but does no damage.
The killer bee stings you.
Unknown command.
Unknown command.
You puncture the killer bee!
You kill the killer bee!
The killer bee stings you!
Your divine stamina protects you from poison!
Unknown command.
Unknown command.
Unknown command.
You puncture the killer bee! Your grab misses the killer bee.
The killer bee is moderately wounded.
The killer bee barely misses you. The killer bee stings you!
* * * LOW HITPOINT WARNING * * *
Your divine stamina protects you from poison!
The killer bee stings you!
You die...

.. ..# ... .....#
.... ......# ....
.....# .... ....#
..... ...# .....
.k# ##### #k# #@#
####### ########.#
........%........#
.................#
###### ########..#
#..# #..# #..#
##### #######..#


You could see 2 killer bees.

Vanquished Creatures
  Edmund (D:7)
  Menkaure (D:5)
  A sky beast (D:6)
  2 ogres (D:4)
  2 ice beasts (D:6)
  A centaur (D:7)
  A big kobold (D:4)
  Blork the orc (D:4)
  2 crimson imps (D:5)
  3 killer bees (D:7)
  A goliath beetle (D:6)
  A centaur zombie (D:5)
  2 hounds (D:5)
  A giant frog zombie (D:6)
  A jelly (D:6)
  3 orc wizards
  2 worker ants
  A worker ant zombie (D:6)
  7 adders
  A worm (D:5)
  A giant mite (D:6)
  2 adder zombies
  An adder skeleton (D:5)
  A giant eyeball (D:5)
  An ooze (D:6)
  20 orcs
  A ball python (D:4)
  A bat skeleton (D:5)
  A bat zombie (D:6)
  6 hobgoblins
  4 quokkas
  11 bats
  3 giant cockroaches
  2 giant geckos
  3 giant newts
  11 goblins
  A hobgoblin skeleton (D:7)
  A hobgoblin zombie (D:5)
  7 jackals
  16 kobolds
  A kobold zombie (D:6)
  9 rats
  A rat zombie (D:6)
140 creatures vanquished.

Notes
Turn   | Place    | Note
--------------------------------------------------------------
     0 | D:1      | M4edhros, the Octopode Monk, began the quest for the Orb.
     0 | D:1      | Reached XP level 1. HP: 16/16 MP: 1/1
    78 | D:1      | Reached XP level 2. HP: 9/21 MP: 2/2
   411 | D:1      | Reached XP level 3. HP: 21/26 MP: 3/3
   879 | D:4      | Noticed an ogre
   963 | D:4      | Killed an ogre
   963 | D:4      | Reached XP level 4. HP: 4/31 MP: 4/4
   963 | D:4      | Reached XP level 5. HP: 4/36 MP: 5/5
  1354 | D:4      | Noticed Blork the orc
  1371 | D:4      | Reached skill level 5 in Unarmed Combat
  1816 | D:5      | Entered Level 5 of the Dungeon
  1840 | D:5      | Noticed a centaur
  1846 | D:5      | Noticed Menkaure
  1894 | D:5      | Reached skill level 5 in Stealth
  2214 | D:5      | Reached XP level 6. HP: 38/42 MP: 6/6
  2424 | D:5      | Found Agit's Assorted Antiques.
  2448 | D:5      | Reached skill level 6 in Stealth
  2751 | D:6      | Found a deep blue altar of Sif Muna.
  2753 | D:6      | Found an ancient bone altar of Kikubaaqudgha.
  2758 | D:6      | Found a burning altar of Makhleb.
  2943 | D:6      | Found Prasm's Antique Weapon Shoppe.
  3561 | D:5      | Noticed a sky beast
  4060 | D:5      | Reached XP level 7. HP: 46/46 MP: 7/7
  4202 | D:4      | Killed Blork the orc
  4202 | D:4      | Reached skill level 5 in Dodging
  4437 | D:4      | Found a staircase to the Ecumenical Temple.
  4450 | Temple   | Entered the Ecumenical Temple
  4514 | Temple   | Became a worshipper of Zin the Law-Giver
  4514 | Temple   | Acquired Zin's first power
  4514 | Temple   | Acquired Zin's second power
  4628 | D:4      | Noticed an ogre
  4635 | D:4      | Killed an ogre
  4635 | D:4      | Reached skill level 7 in Stealth
  4705 | D:4      | Reached skill level 1 in Invocations
  4837 | D:4      | Noticed a big kobold
  5022 | D:4      | Killed a big kobold
  5101 | D:5      | Killed Menkaure
  5101 | D:5      | Reached XP level 8. HP: 52/52 MP: 11/11
  5123 | D:6      | Killed a sky beast
  5123 | D:6      | Reached skill level 8 in Stealth
  5186 | D:6      | Reached skill level 1 in Polearms
  5746 | D:6      | Found Igaot's Jewellery Boutique.
  5772 | D:6      | Found Qear's Armour Boutique.
  6207 | D:7      | Noticed Edmund
  6216 | D:7      | Killed Edmund
  6495 | D:7      | Reached skill level 9 in Stealth
  6505 | D:7      | Slain by a killer bee

Action                   |  1- 3 |  4- 6 |  7- 9 || total
-------------------------+-------+-------+-------++-------
Melee: Unarmed           |    78 |    40 |       ||   118
       Halberd           |       |    72 |   166 ||   238
Invok: Recite            |       |       |     2 ||     2
       Vitalisation      |       |       |     5 ||     5
Evoke: Wand              |       |       |     1 ||     1
  Use: Potion            |     2 |     3 |     3 ||     8
       Scroll            |       |       |    15 ||    15
 Stab: Sleeping          |     3 |    17 |    18 ||    38
       Distracted        |       |     1 |     2 ||     3
